Construct Section Command Post
Selects Indian Artillery Battlegroup
Construct Platoon Command Post
Selects Gurkha Rifles Section
Construct Field Infirmary
Unlock Bishop Self-propelled Artillery
6-pounder Anti-tank Gun Team
Bishop Self-propelled Artillery
Selects Volunteer Infantry
6-pounder Anti-tank Gun Team
Selects Artillery Saturation
Selects Off-map Airburst Barrage
Construct Company Command Post
Unlock Towed 17-pounder Anti-tank Guns
17-pounder Anti-tank Gun Team
Selects BL5.5 Artillery Emplacement